cohdb
Replays
Latest Replays
All Replays
Popular Replays
Top Player Replays
Match Explorer
How It Works
Community
CoH3 Stats
Reddit
Sign in to upload your games and track your stats! →
Sign in with Steam
Match 41128662
Unlisted
Match 41128662
Overview
Messages
Build Orders
End
Scout Squad
Selects Armored Battlegroup
Selects Veteran Crews
Construct Barracks
Riflemen Squad
Riflemen Squad
Riflemen Squad
Infantry Support Center
Grenade Package
Construct Weapon Support Center
M3 Armored Personnel Carrier
Engineer Squad
M1 Mortar Team
Selects M31 Recovery Vehicle
Bazooka Squad
Construct Medical Station
M1919 Machine Gun Team
Construct Tank Depot
Selects War Machine
M4(105) Sherman Bulldozer
Selects Strength in Steel
Selects Seek and Destroy
Advanced Logistics
Selects UNKNOWN (2160077)
M1919 Machine Gun Team
M4A3E8 Sherman Easy Eight
FutureNP
TestingWarHead
0
0
Comments
sign in to comment!
No comments posted yet!